 Dungeon Crawl Stone Soup version 0.30.0-19-g36f170ea60 (webtiles) character file.

Game seed: 13627378105602986537

56 growler the Insei (level 3, -3/39 HPs)
             Began as a Merfolk Transmuter on May 27, 2023.
             Slain by an orc
             ... wielding a +0 mace
              (5 damage)
             ... on level 2 of the Dungeon.
             The game lasted 00:02:45 (1359 turns).

growler the Insei (Merfolk Transmuter)              Turns: 1359, Time: 00:02:46

Health: -3/39      AC: 21    Str: 10    XL:     3   Next: 95%
Magic:  4/7        EV:  2    Int: 14    God:
Gold:   64         SH:  0    Dex: 14    Spells: 1/7 levels left

rFire   . .          .
                       - Unarmed
rCold   . . .        (no shield)
rNeg    . . .        a - melded +0 robe
rPois   +            (helmet currently unavailable)
rElec   .            (cloak currently unavailable)
rCorr   .            (gloves currently unavailable)
SInv    .            (boots currently unavailable)
Will    .....        (no amulet)
Stlth   +            (no ring)
HPRegen 0.26/turn    (no ring)
MPRegen 0.10/turn

%: no passive effects
@: tree-form
A: stationary, stasis, torment immunity, boosted hp, (nimble swimmer 2),
(mertail)
a: no special abilities


You were on level 2 of the Dungeon.
You were a tree.
You visited 1 branch of the dungeon, and saw 2 of its levels.

You collected 64 gold pieces.

Inventory:

Armour
 a - a +0 robe (melded)
Scrolls
 d - a scroll of vulnerability {unknown}
 e - 3 scrolls of blinking {unknown}
 f - 2 scrolls of teleportation {unknown}
 g - 2 scrolls of identify {unknown}
Potions
 c - a potion of attraction {unknown}
 h - a potion of flight {unknown}
 i - a potion of haste {unknown}
 j - a potion of brilliance {unknown}


   Skills:
 - Level 1.1 Fighting
 - Level 2.6 Dodging
 + Level 4.0 Unarmed Combat
 + Level 2.7 Spellcasting
 + Level 3.8 Transmutations


You had one spell level left.
You knew the following spells:

 Your Spells              Type           Power      Damage    Failure   Level
a - Beastly Appendage     Tmut           24%        N/A       4%          1
b - Wereblood             Tmut           12%        N/A       7%          2
c - Spider Form           Tmut/Pois      7%         N/A       30%         3

Your spell library contained the following spells:

 Spells                   Type           Power      Damage    Failure   Level
 Ice Form                 Ice/Tmut       7%         N/A       69%         4


Dungeon Overview and Level Annotations

Branches:
Dungeon (2/15)

Altars:


Innate Abilities, Weirdness & Mutations

You are a tree.
Your roots penetrate the ground, keeping you stationary.
You cannot be teleported.
You are immune to unholy pain and torment.
Your maximum health is greatly increased.
Your equipment is partially melded.
((You are very nimble when in or above water. (Stealth+, EV+, Speed+++)))
((Your lower body shifts to a powerful aquatic tail in water.))


Message History

Your Unarmed Combat skill increases to level 4!
You hit the orc but do no damage. The orc hits you with a +0 hand axe.
The orc misses you.
You barely miss the orc. The orc hits you with a +0 hand axe.
* * * LOW HITPOINT WARNING * * *
The orc misses you.
Unknown command.
Really quaff the potion of lignification?
Your transformation has ended.
Your +0 robe unmelds from your body.
You turn into a tree.
Your +0 robe melds into your body.
Your roots penetrate the ground.
The orc hits you with a +0 hand axe.
* * * LOW HITPOINT WARNING * * *
The orc hits you but does no damage.
You barely miss the orc. You barely miss the orc.
The orc hits you but does no damage. x3
You barely miss the orc. The orc hits you but does no damage. x3
You smack the orc!
You kill the orc!
The orc hits you but does no damage. x2
You barely miss the orc. Your punch misses the orc.
An orc wizard comes into view. It is wielding a +0 dagger.
The orc hits you with a +0 mace.
* * * LOW HITPOINT WARNING * * *
The orc wizard shouts!
You hit the orc priest but do no damage.
The orc priest hits you but does no damage.
The orc wizard gestures wildly while chanting.
The orc wizard flickers and vanishes!
Deactivating autopickup; reactivate with Ctrl-A.
The orc hits you but does no damage. x2
You smack the orc priest!
The orc priest is heavily wounded.
The orc hits you with a +0 flail.
* * * LOW HITPOINT WARNING * * *
The orc priest looks satisfied for a moment.
The orc hits you but does no damage.
An orc wizard comes into view. It is wielding a +0 dagger.
The orc hits you with a +0 mace.
You die...

.o #.###########
#.#..........
...........##
....#... ....
#.#.#.####..####
#o#og..........
#o♣o...#+###.######
##.................
.!...................
####.................
#.................
#.................
#........##.##...#
###########+####..
#..


You could see an orc priest, an orc wizard, 3 orcs and a hobgoblin.

Vanquished Creatures
  An orc priest (D:2)
  A dart slug (D:2)
  An orc (D:2)
  A ball python (D:2)
  2 endoplasms
  2 goblins (D:1)
  2 hobgoblins (D:2)
  2 jackals (D:1)
  3 bats (D:2)
  4 frilled lizards
  2 kobolds (D:2)
  3 rats (D:2)
24 creatures vanquished.

Notes
Turn   | Place    | Note
-------+----------+-------------------------------------------
     0 | D:1      | growler the Merfolk Transmuter began the quest for the Orb.
     0 | D:1      | Reached XP level 1. HP: 15/15 MP: 3/3
   649 | D:1      | Reached XP level 2. HP: 14/21 MP: 3/5
   652 | D:1      | Learned a level 2 spell: Wereblood
  1268 | D:2      | Reached XP level 3. HP: 26/26 MP: 6/6
  1272 | D:2      | Learned a level 3 spell: Spider Form
  1350 | D:2      | Reached skill level 4 in Unarmed Combat
  1359 | D:2      | Slain by an orc

Illustrated notes

Levels and vault maps discovered:
D:1:      lemuel_arrival_room, layout_loops_ring,
          nicolae_concentric_dashed_squares_wild, serial_bayou_pond_a,
          nrook_loot_triangle, item_on_display_b
D:2:      layout_basic

Skill      XL: |  1  2  3 |
---------------+----------+-----
Transmutations | 3 |  3.8
Unarmed Combat | 4 |  4.0
Fighting       | |  1.1
Dodging        | |  2.6
Spellcasting   | |  2.7

Action                     || total
---------------------------++-------
  Melee: Unarmed           ||    71
         Headbutt          ||     4
         Punch             ||     1
   Cast: Beastly Appendage ||    17
         Spider Form       ||     1
    Use: Potion            ||     1
 Armour: Robe              ||    10
         Skin              ||    13
  Dodge: Dodged            ||    34
